 Dungeon Crawl Stone Soup version 0.31-a0-188-g5e087ee2ca (webtiles) character file.

Game seed: 16207012457478056369

1344 qw the Skirmisher (level 8, -13/46 HPs)
             Began as a Deep Elf Hunter on June 23, 2023.
             Mangled by an ogre
             ... wielding a +0 giant club
              (15 damage)
             ... on level 6 of the Dungeon.
             The game lasted 00:01:20 (3512 turns).

qw the Skirmisher (Deep Elf Hunter)                 Turns: 3512, Time: 00:01:21

Health: -13/46     AC:  8    Str: 16    XL:     8   Next: 36%
Magic:  10/10      EV: 13    Int: 11    God:
Gold:   203        SH:  0    Dex: 25    Spells: 7/7 levels left

rFire   . . .        Y - +1 arbalest (elec)
rCold   + . .        (shield currently unavailable)
rNeg    . . .        m - +0 scale mail
rPois   .            (no helmet)
rElec   .            (no cloak)
rCorr   .            c - +0 pair of gloves
SInv    .            i - +0 pair of boots
Will    .....        (no amulet)
Stlth   ++           s - +4 ring of slaying {mikee}
HPRegen 0.27/turn    j - ring of Ymyrph {rC+ Str+6 Int-4 Dex+7 Stlth+}
MPRegen 0.12/turn

%: no passive effects
@: about to teleport
A: no striking features
a: no special abilities


You were on level 6 of the Dungeon.
You visited 1 branch of the dungeon, and saw 6 of its levels.

You collected 273 gold pieces.
You spent 70 gold pieces at shops.


   Skills:
 - Level 3.5 Fighting
 + Level 12.0 Ranged Weapons
 - Level 1.2 Armour
 - Level 5.3 Dodging
 - Level 1.2 Stealth


You had 7 spell levels left.
You didn't know any spells.
Your spell library was empty.

Inventory:

Hand Weapons
 Y - a +1 arbalest of electrocution (weapon)
Armour
 a - a +0 ring mail
 c - a +0 pair of gloves (worn)
 i - a +0 pair of boots (worn)
 m - a +0 scale mail (worn)
Jewellery
 j - the ring of Ymyrph (right hand) {rC+ Str+6 Int-4 Dex+7 Stlth+}
   (You took it off a hobgoblin on level 4 of the Dungeon)

   [ring of strength]

   Str:       It affects your strength (+6).
   Int:       It affects your intelligence (-4).
   Dex:       It affects your dexterity (+7).
   rC:        It protects you from cold.
   Stlth:     It makes you more stealthy.
 s - a +4 ring of slaying (left hand) {mikee}
Scrolls
 l - 2 scrolls of identify
Potions
 d - a potion of haste
 e - 2 potions of might
 f - 3 potions of curing
 k - a potion of mutation
 n - a potion of cancellation
 p - a potion of degeneration {unknown}
 t - a potion of ambrosia {unknown}

Dungeon Overview and Level Annotations

Branches:
Dungeon (6/15)
 Temple: D:4-7

Altars:
Dithmenos
Fedhas
Makhleb
Wu Jian

Shops:
D:2 ?


Message History

You shoot a bolt. The bolt hits the scorpion.
Lightning courses through the scorpion!
The scorpion is almost dead.
The centaur shoots an arrow.
The arrow closely misses you.
The centaur shoots an arrow.
The arrow hits you! The scorpion barely misses you.
The centaur shoots an arrow.
The arrow misses you.
3506 ||| READING 2 scrolls of teleportation.
As you read the scroll of teleportation, it crumbles to dust.
You feel strangely unstable.
The scorpion stings you but does no damage.
The centaur shoots an arrow.
The arrow misses you. The scorpion closely misses you.
3507 ||| DRINKING potion of heal wounds.
You feel much better.
The centaur shoots an arrow.
The arrow hits you! The scorpion closely misses you.
The centaur shoots an arrow.
The arrow hits you!
You shoot a bolt. The bolt hits the scorpion!
You kill the scorpion!
The centaur shoots an arrow.
The arrow hits you.
The centaur shoots an arrow.
The arrow hits you.
You shoot a bolt. The bolt hits the centaur!!
You kill the centaur!
Your surroundings suddenly seem different.
An ogre and an ice beast come into view.
Found five items.
Found an escape hatch in the ceiling.
Your Dodging skill increases to level 5!
3510 ||| READING scroll of teleportation.
As you read the scroll of teleportation, it crumbles to dust.
You feel strangely unstable.
You shoot a bolt. The bolt barely misses the ice beast.
The ogre shouts!
You hear an angry growl.
A black bear comes into view.
The ice beast hits you but does no damage.
The ogre closely misses you.
The ice beast hits you but does no damage.
You shoot a bolt.
The bolt hits the ice beast but does no damage.
The ogre hits you with a +0 giant club!
You die...

.....# #.##
##.## #.#
#.## .. #. ##
#. ### #.####
#
##...#!...#.#
#......O..h.#
<.....Y@....#
...!........#
.....[.....$#
#.........!.#
##...##...#.#
#### #####..$
.## #


You could see a black bear, an ice beast and an ogre.

Vanquished Creatures
  Grinder (D:6)
  A sky beast (D:5)
  An ogre (D:4)
  A centaur (D:6)
  A phantom (D:4)
  4 scorpions
  An orc priest (D:4)
  5 hounds
  A jelly (D:4)
  A sleepcap (D:5)
  4 iguanas
  8 gnolls
  8 adders
  A shadow imp (D:5)
  A white imp (D:4)
  An ufetubus (D:4)
  2 worms
  A dart slug (D:3)
  5 orcs
  6 ball pythons
  5 endoplasms
  A giant cockroach (D:4)
  6 goblins
  5 hobgoblins
  4 jackals (D:2)
  9 kobolds
  4 quokkas
  A bat (D:3)
  4 frilled lizards
  2 rats
95 creatures vanquished.

Notes
Turn   | Place    | Note
-------+----------+-------------------------------------------
     0 | D:1      | qw the Deep Elf Hunter began the quest for the Orb.
     0 | D:1      | Reached XP level 1. HP: 12/12 MP: 3/3
     0 | D:1      | 0 ||| qw: Version: 0.3-a-9-g12657ce
     0 | D:1      | 0 ||| qw: Game counter: 4138
     0 | D:1      | 0 ||| qw: Always use a shield: true
     0 | D:1      | 0 ||| qw: God list: Okawaru
     0 | D:1      | 0 ||| qw: Allow faded altars: false
     0 | D:1      | 0 ||| qw: Do Orc after D:15 true
     0 | D:1      | 0 ||| qw: Do second Lair branch before Depths: true
     0 | D:1      | 0 ||| qw: Lair rune preference: random
     0 | D:1      | 0 ||| qw: Plans: Normal
     0 | D:1      | 0 ||| PLANNING D:1-11
   207 | D:1      | Reached XP level 2. HP: 16/16 MP: 4/4
   211 | D:1      | Reached skill level 6 in Ranged Weapons
   711 | D:1      | 711 ||| UPGRADING to +0 pair of boots.
   716 | D:1      | 716 ||| READING scroll labelled VIVESA FENIA.
   717 | D:1      | 717 ||| READING scroll labelled COICOSEOT.
   718 | D:1      | 718 ||| DROPPING scroll of butterflies.
   891 | D:2      | 891 ||| SWAPPING to +0 arbalest.
   902 | D:2      | 902 ||| DROPPING +0 shortbow.
   908 | D:2      | Reached XP level 3. HP: 20/20 MP: 5/5
  1178 | D:2      | Reached skill level 7 in Ranged Weapons
  1292 | D:2      | Found Timemywu's Magic Scroll Emporium.
  1300 | D:2      | 1300 ||| BUYING scroll of identify (20 gold).
  1300 | D:2      | Bought a scroll of identify for 20 gold pieces
  1300 | D:2      | 1300 ||| BUYING scroll of identify (20 gold).
  1300 | D:2      | Bought a scroll of identify for 20 gold pieces
  1300 | D:2      | 1300 ||| BUYING scroll of teleportation (30 gold).
  1300 | D:2      | Bought a scroll of teleportation for 30 gold pieces
  1442 | D:2      | 1442 ||| UPGRADING to ring of protection from cold.
  1443 | D:2      | 1443 ||| READING scroll labelled BIERPH QUFENN.
  1480 | D:2      | 1480 ||| READING scroll labelled FELARI KOOQOD.
  1481 | D:2      | 1481 ||| READING 4 scrolls of identify.
  1481 | D:2      | 1481 ||| IDENTIFYING lumpy amethyst potion
  1482 | D:2      | 1482 ||| READING 3 scrolls of identify.
  1482 | D:2      | 1482 ||| IDENTIFYING fizzy amethyst potion
  1483 | D:2      | 1483 ||| READING 2 scrolls of identify.
  1483 | D:2      | 1483 ||| IDENTIFYING murky inky potion
  1539 | D:3      | Found a blossoming altar of Fedhas.
  1550 | D:3      | Reached XP level 4. HP: 25/25 MP: 6/6
  1554 | D:3      | Found a shadowy altar of Dithmenos.
  1868 | D:3      | 1868 ||| UPGRADING to +0 scale mail.
  1878 | D:3      | 1878 ||| DROPPING +0 leather armour.
  1879 | D:3      | 1879 ||| READING scroll labelled KUODETHR UTHRIB.
  1880 | D:3      | 1880 ||| READING scroll labelled VAACRE UCIR.
  1881 | D:3      | 1881 ||| READING 3 scrolls of identify.
  1881 | D:3      | 1881 ||| IDENTIFYING sapphire potion
  1882 | D:3      | 1882 ||| READING 2 scrolls of identify.
  1882 | D:3      | 1882 ||| IDENTIFYING inky potion
  1883 | D:3      | 1883 ||| DROPPING potion of attraction.
  2009 | D:4      | Noticed an ogre
  2013 | D:4      | Reached skill level 8 in Ranged Weapons
  2015 | D:4      | Killed an ogre
  2016 | D:4      | Reached skill level 9 in Ranged Weapons
  2016 | D:4      | Reached XP level 5. HP: 15/29 MP: 7/7
  2096 | D:4      | Reached skill level 1 in Armour
  2181 | D:4      | Reached XP level 6. HP: 30/35 MP: 8/8
  2533 | D:4      | Identified the ring of Ymyrph {rC+ Str+6 Int-4 Dex+7
                  | Stlth+}
  2566 | D:4      | Reached skill level 10 in Ranged Weapons
  2651 | D:4      | Reached XP level 7. HP: 40/40 MP: 9/9
  2832 | D:4      | 2832 ||| UPGRADING to +0 pair of gloves.
  2837 | D:4      | 2837 ||| UPGRADING to ring of Ymyrph {rC+ Str+6 Int-4 Dex+7
                  | Stlth+}.
  2838 | D:4      | 2838 ||| READING scroll labelled MOSUYZ SUTOAMA.
  2839 | D:4      | 2839 ||| DRINKING 2 puce potions.
  2888 | D:5      | Entered Level 5 of the Dungeon
  2902 | D:5      | Reached skill level 3 in Dodging
  3163 | D:5      | Reached skill level 11 in Ranged Weapons
  3203 | D:5      | Identified the +0 chain mail of the Butterfly {Int-3 Dex+8}
  3414 | D:5      | Found a burning altar of Makhleb.
  3416 | D:5      | 3416 ||| UPGRADING to +4 ring of slaying {mikee}.
  3418 | D:5      | 3418 ||| DROPPING ring of protection from cold.
  3419 | D:5      | 3419 ||| READING scroll labelled DENKUCK LECLE.
  3420 | D:5      | 3420 ||| READING scroll labelled UNAINE VUGY.
  3421 | D:5      | 3421 ||| READING scroll labelled UNGIXK HEISH.
  3422 | D:5      | 3422 ||| READING 3 scrolls of identify.
  3422 | D:5      | 3422 ||| IDENTIFYING bubbling emerald potion
  3423 | D:5      | 3423 ||| READING 2 scrolls of identify.
  3423 | D:5      | 3423 ||| IDENTIFYING fuming brown potion
  3424 | D:5      | 3424 ||| DROPPING potion of lignification.
  3446 | D:6      | 3446 ||| STAIRDANCE
  3476 | D:6      | Reached skill level 12 in Ranged Weapons
  3476 | D:6      | Found an ornate altar of the Wu Jian Council.
  3482 | D:6      | Reached XP level 8. HP: 44/44 MP: 10/10
  3499 | D:6      | Noticed Grinder
  3503 | D:6      | Killed Grinder
  3504 | D:6      | Reached skill level 3 in Fighting
  3505 | D:6      | HP: 3/46 [centaur/arrow (11)]
  3506 | D:6      | 3506 ||| READING 2 scrolls of teleportation.
  3507 | D:6      | 3507 ||| DRINKING potion of heal wounds.
  3508 | D:6      | HP: 1/46 [centaur/arrow (6)]
  3510 | D:6      | 3510 ||| READING scroll of teleportation.
  3512 | D:6      | Mangled by an ogre

Levels and vault maps discovered:
D:1:      wander_arrival_desolate, layout_loops_ring, minmay_statues_item,
          st_stairs_7, kennysheep_boxes
D:2:      layout_basic, serial_shops, shop
D:3:      layout_rooms, fedhas_altar_2,
          nicolae_dithmenos_through_a_glass_darkly, corexii_leaking_fountain,
          hangedman_glass_teeth, st_stairs_8
D:4:      wander_river, layout_basic, serial_park_tiny_pond,
          serial_park_tiny_pond, minmay_increasing_density
D:5:      layout_cave_pools, marbit_many_paths, dk_noncrumbling_3
D:6:      layout_rooms, nicolae_overflow_crystal_walls,
          nzn_hepliaklqana_mist_gate, corexii_checkpoint_a,
          hangedman_abyss_or_decor_slice, uniq_grinder

Skill      XL: |  1  2  3  4  5  6  7  8 |
---------------+-------------------------+-----
Ranged Weapons | 6 7 9 10 12 | 12.0
Armour         | 1 |  1.2
Fighting       | 2 3 |  3.5
Dodging        | 4 5 |  5.3
Stealth        | |  1.2

Action                     |  1- 3 |  4- 6 |  7- 9 || total
---------------------------+-------+-------+-------++-------
   Fire: Shortbow          |    63 |       |       ||    63
         Arbalest          |    37 |    68 |    70 ||   175
    Use: Scroll            |     7 |     4 |     8 ||    19
         Potion            |       |       |     2 ||     2
 Armour: Leather armour    |    11 |       |       ||    11
         Scale mail        |       |    20 |    16 ||    36
  Dodge: Dodged            |    21 |    18 |    21 ||    60

Table legend:
 A = Non-vault XP
 B = Vault XP
 C = Vault XP percentage of total XP
 D = Non-vault monster count
 E = Vault monster count
 F = Vault count percentage of total count
                 A         B        C        D         E       F
            +---------+---------+-------+---------+---------+-------
      Total |    1577 |     344 |  17.9 |      85 |      10 |  10.5
            +---------+---------+-------+---------+---------+-------
        D:1 |      27 |       1 |   3.6 |      15 |       1 |   6.2
        D:2 |      49 |       0 |   0.0 |      20 |       0 |   0.0
        D:3 |      24 |      15 |  38.5 |       7 |       1 |  12.5
        D:4 |     630 |      44 |   6.5 |      20 |       6 |  23.1
        D:5 |     530 |       3 |   0.6 |      16 |       1 |   5.9
        D:6 |     317 |     281 |  47.0 |       7 |       1 |  12.5
            +---------+---------+-------+---------+---------+-------
